 Dungeon Crawl Stone Soup version 0.24-a0-783-ge536774 (webtiles) character file.

Game seed: 8987214609907254510, levelgen mode: deterministic

361 2tousent the Spear-Bearer (level 6, -9/44 HPs)
             Began as a Merfolk Gladiator on Oct 8, 2019.
             Mangled by an ogre
             ... wielding a +0 giant club
              (28 damage)
             ... on level 4 of the Dungeon.
             The game lasted 00:08:45 (3409 turns).

2tousent the Spear-Bearer (Merfolk Gladiator)       Turns: 3409, Time: 00:08:46

Health: -9/44      AC:  4    Str: 16      XL:     6   Next: 66%
Magic:  6/6        EV: 14    Int:  7      God:
Gold:   71         SH:  0    Dex: 15 (16) Spells: 5/5 levels left

rFire    . . .     SeeInvis .   d - +2 trident (vamp)
rCold    . . .     Gourm    .   (no shield)
rNeg     . . .     Faith    .   b - +0 leather armour
rPois    .         Spirit   .   c - +0 helmet
rElec    .         Reflect  .   (no cloak)
rCorr    .         Harm     .   (no gloves)
MR       .....                  (no boots)
Stlth    +.........             n - amulet of regeneration
HPRegen  0.54/turn              (no ring)
MPRegen  0.10/turn              (no ring)

@: lethally poisoned (-9 -> -9)
A: change form in water, swift swim, stealthy swim
a: no special abilities


You were on level 4 of the Dungeon.
You were hungry.

You visited 1 branch of the dungeon, and saw 4 of its levels.

You collected 71 gold pieces.

Inventory:

Hand Weapons
 a - a +0 trident
 d - a +2 vampiric trident (weapon)
 e - a +1 spear of pain
Missiles
 g - a throwing net (quivered)
Armour
 b - a +0 leather armour (worn)
 c - a +0 helmet (worn)
Jewellery
 n - an amulet of regeneration (around neck)
 s - a cursed -5 ring of evasion {unknown}
Scrolls
 k - a scroll of immolation
 m - a scroll of enchant weapon {unknown}
 p - a scroll of remove curse
 r - a scroll of identify
Potions
 h - a potion of heal wounds
 i - 3 potions of flight
 j - a potion of curing
 l - a potion of lignification {unknown}
 o - a potion of invisibility {unknown}
 q - a potion of agility {unknown}
Comestibles
 f - 8 rations


   Skills:
 - Level 2.2 Fighting
 * Level 10.3 Polearms
 - Level 2.0 Throwing
 - Level 4.0 Dodging


You had 5 spell levels left.
You didn't know any spells.
Your spell library contained the following spells:

 Spells                   Type           Power        Failure   Level  Hunger
 Animate Skeleton         Necr           N/A          50%         1    ##.....
 Apportation              Tloc           #.....       50%         1    ##.....
 Confusing Touch          Hex            #.....       50%         1    ##.....
 Summon Small Mammal      Summ           #...         50%         1    ##.....


Dungeon Overview and Level Annotations

Branches:
Dungeon (4/15)
 Temple: D:4-7

Altars:


Message History

You barely miss the ogre.
The ogre is moderately wounded.
The ogre misses you.
You closely miss the ogre.
The ogre is moderately wounded.
The ogre hits you with a +0 giant club!!
You hit the ogre.
You feel better.
The ogre is heavily wounded.
You feel sick.
You hit the ogre.
You feel better.
The ogre is severely wounded.
The ogre barely misses you.
You completely miss the ogre.
The ogre is severely wounded.
You puncture the ogre!
The ogre is almost dead.
You feel sick.
The ogre hits you with a +0 giant club!!
Ouch! That really hurt!
You die...

###....###.....+
##..<.#......≈###≈
#............≈≈≈≈≈
###.............#
#............#
##............#
#.......#....#...
##....####O.......
#..#.####@#.......
#..##.....##......
#..........##....#
####..#..### ..###
#.##### ... ###
###


You could see an ogre.

Vanquished Creatures
  A centaur skeleton (D:2)
  A hound (D:4)
  Jessica (D:2)
  Natasha (thrice) (D:2)
  An iguana (D:4)
  Terence (D:2)
  A worker ant (D:4)
  3 gnolls
  4 adders
  A dart slug (D:1)
  A leopard gecko (D:3)
  5 bats
  4 giant cockroaches
  6 goblins
  6 hobgoblins
  3 jackals (D:2)
  5 frilled lizards
  11 kobolds
  A leopard gecko skeleton (D:4)
  A quokka skeleton (D:2)
  8 rats
68 creatures vanquished.

Notes
Turn   | Place    | Note
-------+----------+-------------------------------------------
     0 | D:1      | 2tousent the Merfolk Gladiator began the quest for the Orb.
     0 | D:1      | Reached XP level 1. HP: 16/16 MP: 1/1
   201 | D:1      | Reached skill level 5 in Polearms
   205 | D:1      | Reached XP level 2. HP: 20/22 MP: 2/2
   618 | D:1      | Reached XP level 3. HP: 27/27 MP: 3/3
   626 | D:1      | Reached skill level 6 in Polearms
  1366 | D:2      | Reached XP level 4. HP: 14/33 MP: 4/4
  1634 | D:2      | Reached skill level 7 in Polearms
  1675 | D:2      | Noticed Natasha
  1687 | D:2      | Killed Natasha
  2073 | D:2      | Reached skill level 8 in Polearms
  2073 | D:2      | Reached XP level 5. HP: 35/38 MP: 5/5
  2081 | D:2      | Noticed Jessica
  2087 | D:2      | Noticed Terence
  2101 | D:2      | Noticed Natasha
  2119 | D:2      | Killed Terence
  2123 | D:2      | Killed Jessica
  2146 | D:2      | Killed Natasha
  2146 | D:2      | Reached skill level 9 in Polearms
  2343 | D:2      | Reached XP level 6. HP: 44/44 MP: 6/6
  2414 | D:2      | Noticed Natasha
  2423 | D:2      | Killed Natasha
  3330 | D:4      | Reached skill level 10 in Polearms
  3409 | D:4      | Mangled by an ogre

Levels and vault maps discovered:
D:1:      ebering_trefoil_twist, layout_loops_corners
D:2:      layout_basic, uniq_jessica, uniq_terence, uniq_natasha
D:3:      layout_basic, first_ration
D:4:      layout_cave_pools, kennysheep_mini_moat, led_sif_pool

Skill      XL: |  1  2  3  4  5  6 |
---------------+-------------------+-----
Polearms       | 5 6 8 9 10 | 10.3
Fighting       | |  2.2
Throwing       | |  2.0
Dodging        | |  4.0

Action                   |  1- 3 |  4- 6 || total
-------------------------+-------+-------++-------
Melee: Spear             |   101 |   108 ||   209
       Trident           |       |    80 ||    80
Throw: Throwing net      |       |     3 ||     3
  Use: Potion            |       |     5 ||     5
       Scroll            |       |     4 ||     4
 Stab: Sleeping          |     1 |     2 ||     3
       Held in net/web   |       |     1 ||     1
  Eat: Ration            |       |     1 ||     1
       Chunk             |       |     4 ||     4
Armor: Leather armour    |    19 |    31 ||    50
Dodge: Dodged            |    41 |   138 ||   179

Table legend:
 A = Non-vault XP
 B = Vault XP
 C = Vault XP percentage of total XP
 D = Non-vault monster count
 E = Vault monster count
 F = Vault count percentage of total count
                 A         B        C        D         E       F
            +---------+---------+-------+---------+---------+-------
      Total |     411 |     105 |  20.3 |      65 |       3 |   4.4
            +---------+---------+-------+---------+---------+-------
        D:1 |      51 |       0 |   0.0 |      22 |       0 |   0.0
        D:2 |     201 |     105 |  34.3 |      31 |       3 |   8.8
        D:3 |      35 |       0 |   0.0 |       7 |       0 |   0.0
        D:4 |     124 |       0 |   0.0 |       5 |       0 |   0.0
            +---------+---------+-------+---------+---------+-------
